[ AOE2 MATCH · #508063501 ]
UnrankedLithuanians vs Persians
Rival team · LOSS
[ REPLAY ANALYSIS · EXTRACTED FROM THE RECORDED GAME ]
Feudal
9:40
Castle
21:28
Imperial
36:41
| APM avg | 55.7 |
| APM peak | 95 |
| eAPM avg | 25.3 |
| Villagers / military | 173 / 175 |
Focus
⚔️ 39.3% · 🌾 60.7%
Leitis ×98 · Archer ×18 · Cavalry Archer ×16 · Battering Ram ×14 · Trebuchet (Packed) ×8 · Scorpion ×7
Feudal
8:50
Castle
26:00
Imperial
40:18
| APM avg | 53.8 |
| APM peak | 114 |
| eAPM avg | 28.7 |
| Villagers / military | 177 / 303 |
Focus
⚔️ 44.2% · 🌾 55.8%
Spearman ×139 · Camel Scout ×82 · Cavalry Archer ×49 · Scout Cavalry ×25 · Trebuchet (Packed) ×7 · Knight ×1
Match map
Initial resources + every placement click. Lines = walls · curves = elevation contours. ◆ gold · ⬟ stone · ● berries · ✦ relic · ◌ wall gap
Your base· ✓ Closed at 21:28 · 29t walls · 1 gate(s)
Hash-'s base· ✓ Closed at 26:00 · 47t walls · no gate
Smoothed initial terrain · ◌ = detected wall gap · hover for details
Inputs per minute
— stag11 - - Hash-
Build order — stag11
First 150 of 530 actions detected
| 0:00 | Queue | Villager (Male) |
| 0:02 | Build | House |
| 0:02 | Build | House |
| 0:06 | Queue | Villager (Male) |
| 0:14 | Queue | Villager (Male) |
| 0:18 | Queue | Villager (Male) |
| 0:32 | Queue | Villager (Male) |
| 0:44 | Queue | Villager (Male) |
| 1:26 | Queue | Villager (Male) |
| 1:33 | Build | Lumber Camp |
| 2:02 | Queue | Villager (Male) |
| 2:17 | Queue | Villager (Male) |
| 2:59 | Queue | Villager (Male) |
| 3:20 | Queue | Villager (Male) |
| 4:01 | Build | House |
| 4:06 | Queue | Villager (Male) |
| 4:16 | Queue | Villager (Male) |
| 4:27 | Build | Barracks |
| 4:51 | Build | House |
| 5:11 | Queue | Villager (Male) |
| 5:26 | Queue | Villager (Male) |
| 5:30 | Queue | Militia |
| 5:30 | Queue | Militia |
| 5:33 | Build | House |
| 5:44 | Queue | Villager (Male) |
| 5:47 | Queue | Villager (Male) |
| 5:56 | Queue | Militia |
| 6:39 | Queue | Villager (Male) |
| 6:43 | Build | Mill |
| 7:00 | Research | Loom |
| 7:27 | Research | Feudal Age |
| 8:03 | Build | Mining Camp |
| 8:06 | Build | Palisade Gate |
| 8:32 | Queue | Villager (Male) |
| 8:43 | Queue | Villager (Male) |
| 8:46 | Build | House |
| 8:48 | Build | Palisade Wall |
| 9:40 | Age | Feudal Age |
| 9:52 | Build | Archery Range |
| 9:55 | Research | Horse Collar |
| 10:06 | Research | Double-Bit Axe |
| 10:13 | Build | House |
| 10:15 | Build | Palisade Wall |
| 10:16 | Queue | Villager (Male) |
| 10:38 | Build | House |
| 10:47 | Queue | Archer |
| 10:56 | Queue | Villager (Male) |
| 11:06 | Build | Palisade Wall |
| 11:23 | Queue | Villager (Male) |
| 11:24 | Queue | Archer |
| 11:33 | Build | Blacksmith |
| 11:37 | Queue | Villager (Male) |
| 11:50 | Queue | Archer |
| 11:54 | Queue | Villager (Male) |
| 12:04 | Queue | Villager (Male) |
| 12:07 | Build | Farm |
| 12:07 | Build | Farm |
| 12:14 | Queue | Archer |
| 12:17 | Build | House |
| 12:18 | Queue | Villager (Male) |
| 12:21 | Build | Palisade Wall |
| 12:24 | Build | Palisade Wall |
| 12:33 | Build | Farm |
| 12:43 | Build | House |
| 12:44 | Build | Palisade Wall |
| 12:58 | Build | Farm |
| 13:09 | Queue | Archer |
| 13:16 | Build | Farm |
| 13:31 | Queue | Archer |
| 13:37 | Build | Farm |
| 13:39 | Build | Farm |
| 13:46 | Queue | Villager (Male) |
| 13:51 | Build | Farm |
| 14:02 | Build | Farm |
| 14:18 | Queue | Villager (Male) |
| 14:20 | Queue | Archer |
| 14:21 | Queue | Archer |
| 14:24 | Queue | Villager (Male) |
| 14:27 | Build | Farm |
| 14:41 | Build | Farm |
| 14:56 | Research | Fletching |
| 15:07 | Queue | Spearman |
| 15:10 | Queue | Villager (Male) |
| 15:15 | Build | Farm |
| 15:22 | Queue | Archer |
| 15:27 | Queue | Skirmisher |
| 15:27 | Queue | Villager (Male) |
| 15:59 | Queue | Villager (Male) |
| 16:04 | Queue | Archer |
| 16:20 | Queue | Archer |
| 16:36 | Queue | Villager (Male) |
| 16:39 | Build | Farm |
| 16:40 | Build | Farm |
| 16:43 | Queue | Archer |
| 17:02 | Queue | Villager (Male) |
| 17:07 | Build | Farm |
| 17:20 | Queue | Archer |
| 17:33 | Queue | Villager (Male) |
| 17:57 | Queue | Villager (Male) |
| 18:02 | Build | Market |
| 18:10 | Queue | Villager (Male) |
| 18:40 | Research | Castle Age |
| 18:51 | Queue | Spearman |
| 18:54 | Queue | Villager (Male) |
| 18:57 | Build | Farm |
| 19:05 | Build | Lumber Camp |
| 19:14 | Build | House |
| 19:26 | Queue | Archer |
| 19:34 | Queue | Villager (Male) |
| 20:13 | Queue | Spearman |
| 20:24 | Build | Lumber Camp |
| 21:28 | Age | Castle Age |
| 21:31 | Research | Bodkin Arrow |
| 21:33 | Research | Crossbowman (upgrade) |
| 22:14 | Queue | Villager (Male) |
| 22:19 | Queue | Villager (Male) |
| 22:25 | Build | Town Center |
| 22:29 | Queue | Villager (Male) |
| 22:33 | Queue | Spearman |
| 22:38 | Build | Town Center |
| 22:42 | Queue | Archer |
| 22:53 | Build | House |
| 22:53 | Queue | Villager (Male) |
| 22:58 | Build | House |
| 23:04 | Build | Palisade Wall |
| 23:09 | Queue | Villager (Male) |
| 23:14 | Queue | Archer |
| 23:18 | Research | Heavy Plow |
| 23:20 | Research | Bow Saw |
| 23:24 | Queue | Archer |
| 23:29 | Queue | Cavalry Archer |
| 23:36 | Queue | Villager (Male) |
| 23:37 | Queue | Villager (Male) |
| 23:39 | Queue | Villager (Male) |
| 23:46 | Build | House |
| 23:47 | Build | House |
| 23:47 | Queue | Villager (Male) |
| 23:52 | Build | Monastery |
| 23:55 | Queue | Villager (Male) |
| 23:57 | Queue | Cavalry Archer |
| 24:08 | Queue | Villager (Male) |
| 24:16 | Queue | Villager (Male) |
| 24:18 | Queue | Cavalry Archer |
| 24:19 | Queue | Cavalry Archer |
| 24:22 | Queue | Villager (Male) |
| 24:28 | Queue | Monk |
| 24:31 | Build | House |
| 24:31 | Queue | Villager (Male) |
| 24:37 | Queue | Villager (Male) |
| 24:38 | Queue | Villager (Male) |
Build order — Hash-
First 150 of 761 actions detected
| 0:01 | Queue | Villager (Male) |
| 0:01 | Queue | Villager (Male) |
| 0:02 | Queue | Villager (Male) |
| 0:02 | Queue | Villager (Male) |
| 0:03 | Build | House |
| 0:04 | Build | House |
| 0:18 | Queue | Villager (Male) |
| 0:18 | Queue | Villager (Male) |
| 1:25 | Queue | Villager (Male) |
| 1:53 | Queue | Villager (Male) |
| 2:28 | Queue | Villager (Male) |
| 2:53 | Queue | Villager (Male) |
| 2:55 | Queue | Villager (Male) |
| 3:21 | Build | House |
| 3:23 | Build | Lumber Camp |
| 3:54 | Queue | Villager (Male) |
| 3:54 | Queue | Villager (Male) |
| 3:54 | Queue | Villager (Male) |
| 3:59 | Queue | Villager (Male) |
| 4:50 | Queue | Villager (Male) |
| 5:06 | Queue | Villager (Male) |
| 5:35 | Queue | Villager (Male) |
| 5:47 | Research | Loom |
| 6:00 | Build | Mill |
| 6:37 | Research | Feudal Age |
| 8:01 | Build | Barracks |
| 8:04 | Build | House |
| 8:15 | Queue | Villager (Male) |
| 8:50 | Age | Feudal Age |
| 8:54 | Build | Stable |
| 9:07 | Queue | Villager (Male) |
| 9:09 | Research | Double-Bit Axe |
| 9:09 | Research | Double-Bit Axe |
| 9:36 | Queue | Villager (Male) |
| 9:38 | Queue | Scout Cavalry |
| 9:39 | Queue | Scout Cavalry |
| 9:39 | Queue | Scout Cavalry |
| 9:42 | Queue | Villager (Male) |
| 9:49 | Queue | Scout Cavalry |
| 9:51 | Build | House |
| 9:56 | Build | Farm |
| 9:57 | Queue | Villager (Male) |
| 10:04 | Build | Palisade Wall |
| 10:20 | Build | Farm |
| 10:20 | Queue | Villager (Male) |
| 10:20 | Queue | Villager (Male) |
| 10:25 | Build | House |
| 10:26 | Build | Palisade Wall |
| 10:28 | Build | Palisade Wall |
| 10:43 | Queue | Spearman |
| 10:54 | Build | Farm |
| 11:03 | Queue | Scout Cavalry |
| 11:08 | Queue | Villager (Male) |
| 11:12 | Queue | Spearman |
| 11:23 | Queue | Villager (Male) |
| 11:26 | Build | Farm |
| 11:34 | Queue | Spearman |
| 11:58 | Queue | Villager (Male) |
| 12:03 | Queue | Villager (Male) |
| 12:06 | Build | Farm |
| 12:07 | Build | Farm |
| 12:11 | Build | House |
| 12:27 | Queue | Villager (Male) |
| 12:40 | Build | House |
| 12:45 | Queue | Villager (Male) |
| 12:48 | Build | Farm |
| 12:49 | Build | Farm |
| 12:50 | Queue | Villager (Male) |
| 13:05 | Build | House |
| 13:08 | Build | Farm |
| 13:10 | Build | Farm |
| 13:16 | Build | Farm |
| 13:22 | Queue | Scout Cavalry |
| 13:34 | Build | Palisade Wall |
| 13:34 | Queue | Villager (Male) |
| 13:38 | Build | Farm |
| 13:40 | Build | Farm |
| 13:41 | Build | Farm |
| 13:44 | Build | Palisade Wall |
| 13:48 | Queue | Villager (Male) |
| 14:10 | Queue | Villager (Male) |
| 14:18 | Build | Farm |
| 14:19 | Build | Farm |
| 14:32 | Build | Palisade Wall |
| 14:38 | Queue | Villager (Male) |
| 14:46 | Build | Mining Camp |
| 14:51 | Queue | Villager (Male) |
| 14:52 | Build | House |
| 14:54 | Build | House |
| 15:23 | Build | Farm |
| 15:25 | Queue | Villager (Male) |
| 15:30 | Build | House |
| 15:36 | Build | Palisade Wall |
| 15:39 | Build | Palisade Wall |
| 15:48 | Queue | Villager (Male) |
| 16:09 | Queue | Villager (Male) |
| 16:14 | Queue | Villager (Male) |
| 16:18 | Queue | Villager (Male) |
| 16:19 | Build | House |
| 16:20 | Queue | Villager (Male) |
| 16:20 | Queue | Villager (Male) |
| 16:35 | Build | Blacksmith |
| 16:40 | Build | House |
| 16:41 | Build | House |
| 16:41 | Queue | Villager (Male) |
| 16:42 | Queue | Villager (Male) |
| 16:50 | Build | Stone Wall |
| 17:05 | Queue | Villager (Male) |
| 17:13 | Queue | Scout Cavalry |
| 17:14 | Queue | Scout Cavalry |
| 17:14 | Queue | Scout Cavalry |
| 17:29 | Queue | Scout Cavalry |
| 17:29 | Queue | Scout Cavalry |
| 17:30 | Queue | Scout Cavalry |
| 17:48 | Research | Scale Barding Armor |
| 17:48 | Research | Scale Barding Armor |
| 18:00 | Research | Forging |
| 18:00 | Research | Forging |
| 18:09 | Build | Market |
| 18:50 | Queue | Scout Cavalry |
| 19:00 | Queue | Villager (Male) |
| 19:03 | Build | Palisade Wall |
| 19:04 | Queue | Scout Cavalry |
| 19:05 | Queue | Villager (Male) |
| 19:23 | Research | Bloodlines |
| 19:23 | Research | Bloodlines |
| 19:50 | Queue | Villager (Male) |
| 19:50 | Queue | Villager (Male) |
| 20:00 | Build | Farm |
| 20:00 | Build | Farm |
| 20:01 | Build | Farm |
| 20:01 | Build | Farm |
| 20:13 | Queue | Villager (Male) |
| 20:22 | Queue | Scout Cavalry |
| 20:22 | Queue | Scout Cavalry |
| 20:22 | Queue | Scout Cavalry |
| 20:25 | Build | House |
| 20:29 | Build | Farm |
| 20:36 | Build | Farm |
| 20:36 | Queue | Villager (Male) |
| 20:40 | Queue | Villager (Male) |
| 20:48 | Build | Mill |
| 20:49 | Build | Farm |
| 20:50 | Build | Farm |
| 20:50 | Build | Farm |
| 20:50 | Build | Farm |
| 20:50 | Build | Farm |
| 20:50 | Build | Farm |
| 21:17 | Queue | Scout Cavalry |
| 21:18 | Queue | Scout Cavalry |
Match timeline
| 4:27 | stag11 · first_building Barracks |
| 8:01 | Hash- · first_building Barracks |
| 8:48 | stag11 · wall_segment Palisade Wall x9 |
| 8:50 | Hash- · age_up feudal |
| 8:54 | Hash- · first_building Stable |
| 9:40 | stag11 · age_up feudal |
| 9:52 | stag11 · first_building Archery Range |
| 10:04 | Hash- · wall_segment Palisade Wall x1 |
| 10:15 | stag11 · wall_segment Palisade Wall x7 |
| 10:26 | Hash- · wall_segment Palisade Wall x2 |
| 10:28 | Hash- · wall_segment Palisade Wall x7 |
| 11:06 | stag11 · wall_segment Palisade Wall x6 |
| 12:21 | stag11 · wall_segment Palisade Wall x4 |
| 12:24 | stag11 · wall_segment Palisade Wall x4 |
| 12:44 | stag11 · wall_segment Palisade Wall x5 |
| 13:34 | Hash- · wall_segment Palisade Wall x7 |
| 13:44 | Hash- · wall_segment Palisade Wall x11 |
| 14:32 | Hash- · wall_segment Palisade Wall x6 |
| 15:36 | Hash- · wall_segment Palisade Wall x1 |
| 15:39 | Hash- · wall_segment Palisade Wall x5 |
| 16:50 | Hash- · wall_segment Stone Wall x6 |
| 19:03 | Hash- · wall_segment Palisade Wall x1 |
| 21:28 | stag11 · age_up castle |
| 22:38 | Hash- · first_market_sell 100 stone |
| 23:04 | stag11 · wall_segment Palisade Wall x1 |
| 23:44 | Hash- · wall_segment Stone Wall x1 |
| 23:52 | stag11 · first_building Monastery |
| 25:32 | Hash- · first_building Archery Range |
| 26:00 | Hash- · age_up castle |
| 28:16 | Hash- · wall_segment Palisade Wall x1 |
| 28:58 | stag11 · first_building Stable |
| 31:33 | stag11 · first_market_buy 100 stone |
| 31:39 | stag11 · first_building Castle |
| 31:54 | Hash- · wall_segment Palisade Wall x1 |
| 33:31 | stag11 · first_market_sell 100 food |
| 35:48 | stag11 · first_building Siege Workshop |
| 36:21 | Hash- · first_building Siege Workshop |
| 36:41 | stag11 · age_up imperial |
| 40:18 | Hash- · age_up imperial |
| 40:21 | Hash- · first_market_buy 100 stone |
| 41:52 | Hash- · first_building Castle |
| 43:33 | Hash- · wall_segment Stone Wall x5 |
| 43:39 | Hash- · wall_segment Stone Wall x7 |
| 43:44 | Hash- · wall_segment Stone Wall x9 |
| 43:47 | Hash- · wall_segment Stone Wall x8 |
| 43:50 | Hash- · wall_segment Stone Wall x1 |
| 51:34 | Hash- · resign |
[ AI ANALYSIS · 1 CREDIT ]
What really happened in this match?
Wolo.gg analyzes every decision: build order, eco, micro, common mistakes by bracket. Personalized analysis on WhatsApp or Discord in 30 seconds.
Civ guide
Lithuanians
Perfil
Jugador #2094048